TOP OF THE 1ST |
---|
Houston Hammertime batting - Pitching for Mexico City Cerveceros : RHP José Deleón | Pitching: RHP José Deleón | | Batting: LHB David Adams | 0-0: Single, Error in OF, E7, batter to second base | Batting: RHB David Hernández | 0-0: Called Strike 0-1: Ball 1-1: Ball 2-1: SINGLE (Groundball, 56D) David Adams to third Runner from 3rd tries for Home, SAFE, no throw | Batting: LHB Francisco Cardenas | 0-0: Foul Ball, location: 2F 0-1: Ball 1-1: Fly out, F7 (Line Drive, 7) | Batting: LHB Jeffrey Satterley | 0-0: 2-RUN HOME RUN (Flyball, 9D), Distance : 340 ft | Batting: RHB Alfredo Cortéz | 0-0: Called Strike 0-1: Ball 1-1: Ball 2-1: Ball 3-1: Called Strike 3-2: Base on Balls | Batting: RHB Raúl Salas | 0-0: Called Strike 0-1: Ball 1-1: Fly out, F3 (Popup, 3) | Batting: LHB António Camacho | 0-0: Ball 1-0: Swinging Strike 1-1: Ball 2-1: Foul Ball, location: 2F 2-2: Foul Ball, location: 2F 2-2: Foul Ball, location: 2F 2-2: Strikes out swinging | Top of the 1st over - 3 runs, 3 hits, 1 error, 1 left on base; Houston 3 - Mexico City 0 | BOTTOM OF THE 1ST |
---|
Mexico City Cerveceros batting - Pitching for Houston Hammertime : RHP António Sánchez | Pitching: RHP António Sánchez | | Batting: RHB John Dinkins | 0-0: Ball 1-0: Foul Ball, location: 2F 1-1: TRIPLE (Groundball, 5L) | Batting: RHB Murai Ishihara | 0-0: Called Strike 0-1: Swinging Strike 0-2: Ball 1-2: Ball 2-2: Strikes out swinging | Batting: RHB Lee Price | 0-0: SINGLE (Line Drive, 56) John Dinkins scores | Batting: RHB Henning Huisman | 0-0: Foul Ball, location: 2F 0-1: SINGLE (Groundball, 56D) Lee Price to second | Batting: LHB John Nicholson | 0-0: Called Strike 0-1: Called Strike 0-2: Fly out, F4 (Popup, 34D) | Batting: RHB Robinson Pacheco | 0-0: Ball 1-0: Foul Ball, location: 2F 1-1: Fielders Choice at 2nd, 5-4 (Groundball, 56) | Bottom of the 1st over - 1 run, 3 hits, 0 errors, 2 left on base; Houston 3 - Mexico City 1 | TOP OF THE 2ND |
---|
Houston Hammertime batting - Pitching for Mexico City Cerveceros : RHP José Deleón | Batting: RHB Juan Carlos | 0-0: Called Strike 0-1: Ball 1-1: Ball 2-1: Ball 3-1: Reached on error, E5 (Groundball, 56) | Batting: RHB José García | 0-0: Ball 1-0: Ball 2-0: Swinging Strike 2-1: Called Strike 2-2: Strikes out looking | Batting: LHB David Adams | 0-0: Called Strike Juan Carlos steals 2nd base 0-1: Ground out 4-3 (Groundball, 4M) Juan Carlos to third | Batting: RHB David Hernández | 0-0: Ball 1-0: Foul Ball, location: 2F 1-1: Ball 2-1: Foul Ball, location: 2F 2-2: Ball 3-2: Base on Balls | Batting: LHB Francisco Cardenas | 0-0: Foul Ball, location: 2F 0-1: 3-RUN HOME RUN (Line Drive, 89XD), Distance : 397 ft | Batting: LHB Jeffrey Satterley | 0-0: Foul Ball, location: 2F 0-1: Ground out 4-3 (Groundball, 4M) | Top of the 2nd over - 3 runs, 1 hit, 1 error, 0 left on base; Houston 6 - Mexico City 1 | BOTTOM OF THE 2ND |
---|
Mexico City Cerveceros batting - Pitching for Houston Hammertime : RHP António Sánchez | Batting: LHB Gary Kern | 0-0: SINGLE (Groundball, 23) (infield hit) | Batting: SHB Richard Bowman | 0-0: Grounds into double play, 4-6-3 (Groundball, 4) | Batting: SHB Scott Compton | 0-0: Foul Ball, location: 2F 0-1: Ball 1-1: Ball 2-1: Foul Ball, location: 2F 2-2: Ball 3-2: Strikes out swinging | Bottom of the 2nd over - 0 runs, 1 hit, 0 errors, 0 left on base; Houston 6 - Mexico City 1 | TOP OF THE 3RD |
---|
Houston Hammertime batting - Pitching for Mexico City Cerveceros : RHP José Deleón | Batting: RHB Alfredo Cortéz | 0-0: Swinging Strike 0-1: Foul Ball, location: 2F 0-2: Ball 1-2: Fly out, F8 (Flyball, 8LM) | Batting: RHB Raúl Salas | 0-0: Called Strike 0-1: Ball 1-1: Foul Ball, location: 2F 1-2: Fly out, F7 (Line Drive, 7) | Batting: LHB António Camacho | 0-0: Fly out, F7 (Flyball, 7) | Top of the 3rd over - 0 runs, 0 hits, 0 errors, 0 left on base; Houston 6 - Mexico City 1 | BOTTOM OF THE 3RD |
---|
Mexico City Cerveceros batting - Pitching for Houston Hammertime : RHP António Sánchez | Batting: RHB John Dinkins | 0-0: Foul Ball, location: 2F 0-1: SINGLE (Line Drive, 8LS) | Batting: RHB Murai Ishihara | 0-0: Ball 1-0: Foul Ball, location: 2F 1-1: Ball John Dinkins steals 2nd base 2-1: SINGLE (Flyball, 56D) John Dinkins to third Runner from 3rd tries for Home, SAFE, throw made home | Batting: RHB Lee Price | 0-0: Fielders Choice at 2nd, 1-6 (Groundball, 13S) | Batting: RHB Henning Huisman | 0-0: Ball 1-0: Ball 2-0: Called Strike 2-1: Called Strike 2-2: Grounds into double play, 4-3-6 (Groundball, 34) | Bottom of the 3rd over - 1 run, 2 hits, 0 errors, 0 left on base; Houston 6 - Mexico City 2 | TOP OF THE 4TH |
---|
Houston Hammertime batting - Pitching for Mexico City Cerveceros : RHP José Deleón | Batting: RHB Juan Carlos | 0-0: Ball 1-0: Swinging Strike 1-1: Foul Ball, location: 2F 1-2: Ball 2-2: Foul Ball, location: 2F 2-2: Ball 3-2: Foul Ball, location: 2F 3-2: Foul Ball, location: 2F 3-2: Base on Balls | Batting: RHB José García | 0-0: Foul Ball, location: 2F 0-1: Called Strike 0-2: Foul Ball, location: 2F 0-2: SINGLE (Line Drive, 4) Juan Carlos to second | Batting: LHB David Adams | 0-0: Foul Ball, location: 2F 0-1: Foul Ball, location: 2F 0-2: Ball 1-2: Foul Ball, location: 2F 1-2: Ball 2-2: Strikes out looking | Pitching: RHP Luis Chávez | | Batting: RHB David Hernández | 0-0: Foul Ball, location: 2F 0-1: Called Strike Juan Carlos steals 3rd base José García to second 0-2: Ball 1-2: Foul Ball, location: 2F 1-2: Strikes out swinging | Batting: LHB Francisco Cardenas | 0-0: Ball 1-0: Ball 2-0: Foul Ball, location: 2F 2-1: DOUBLE (Line Drive, 7LM) Juan Carlos scores José García scores | Pinch Runner at 2nd Raúl Casillán: | | Batting: LHB Jeffrey Satterley | 0-0: Ball 1-0: Ball 2-0: Called Strike 2-1: Swinging Strike 2-2: Fly out, F9 (Flyball, 89S) | Top of the 4th over - 2 runs, 2 hits, 0 errors, 1 left on base; Houston 8 - Mexico City 2 | BOTTOM OF THE 4TH |
---|
Mexico City Cerveceros batting - Pitching for Houston Hammertime : RHP António Sánchez | Now in LF: Raúl Casillán | | Batting: LHB John Nicholson | 0-0: Foul Ball, location: 2F 0-1: Ball 1-1: Swinging Strike 1-2: Foul Ball, location: 2F 1-2: Ball 2-2: Ground out U3 (Groundball, 3L) | Batting: RHB Robinson Pacheco | 0-0: DOUBLE (Line Drive, 78D) | Batting: LHB Gary Kern | 0-0: Called Strike 0-1: Called Strike 0-2: Ball 1-2: 2-RUN HOME RUN (Flyball, 9LD), Distance : 344 ft | Batting: SHB Richard Bowman | 0-0: Called Strike 0-1: SINGLE (Flyball, 9S) | Batting: SHB Scott Compton | 0-0: Ball 1-0: Called Strike 1-1: Grounds into double play, 4-6-3 (Groundball, 4) | Bottom of the 4th over - 2 runs, 3 hits, 0 errors, 0 left on base; Houston 8 - Mexico City 4 | TOP OF THE 5TH |
---|
Houston Hammertime batting - Pitching for Mexico City Cerveceros : RHP Luis Chávez | Batting: RHB Alfredo Cortéz | 0-0: Ball 1-0: Called Strike 1-1: Ball 2-1: Ball 3-1: Base on Balls | Batting: RHB Raúl Salas | 0-0: Called Strike 0-1: Ball 1-1: Foul Ball, location: 2F 1-2: Strikes out swinging | Batting: LHB António Camacho | 0-0: Ball 1-0: Ball 2-0: SINGLE (Line Drive, 8LS) Alfredo Cortéz to second | Batting: RHB Juan Carlos | 0-0: Called Strike 0-1: Ball 1-1: Ball 2-1: Ball 3-1: Foul Ball, location: 2F 3-2: SINGLE (Groundball, 15) (infield hit) Alfredo Cortéz to third António Camacho to second | Batting: RHB José García | 0-0: Foul Ball, location: 2F 0-1: Grounds into fielders choice 1-2 (Groundball, 13S) António Camacho to third Juan Carlos to second | Batting: LHB David Adams | 0-0: Called Strike 0-1: Swinging Strike 0-2: Foul Ball, location: 2F 0-2: SINGLE (Groundball, 4D) António Camacho scores Juan Carlos to third José García to second Runner from 3rd tries for Home, SAFE, no throw | Batting: RHB David Hernández | 0-0: Single, Error in OF, E7, batter to second base José García scores David Adams to third | Batting: LHB Raúl Casillán | 0-0: Fly out, F9 (Flyball, 9LDF) | Top of the 5th over - 3 runs, 4 hits, 1 error, 2 left on base; Houston 11 - Mexico City 4 | BOTTOM OF THE 5TH |
---|
Mexico City Cerveceros batting - Pitching for Houston Hammertime : RHP António Sánchez | Batting: RHB John Dinkins | 0-0: Ball 1-0: Fly out, F8 (Line Drive, 8RD) | Batting: RHB Murai Ishihara | 0-0: Ball 1-0: Foul Ball, location: 2F 1-1: Foul Ball, location: 2F 1-2: Ground out 6-3 (Groundball, 6) | Batting: RHB Lee Price | 0-0: Ball 1-0: Foul Ball, location: 2F 1-1: Ball 2-1: Fly out, F7 (Flyball, 7S) | Bottom of the 5th over - 0 runs, 0 hits, 0 errors, 0 left on base; Houston 11 - Mexico City 4 | TOP OF THE 6TH |
---|
Houston Hammertime batting - Pitching for Mexico City Cerveceros : RHP Luis Chávez | Pitching: LHP Daniel Draper | | Batting: LHB Jeffrey Satterley | 0-0: SINGLE (Groundball, 4MD) | Batting: RHB Alfredo Cortéz | 0-0: Called Strike 0-1: Grounds into double play, 3-6-4 (Groundball, 34) | Batting: RHB Raúl Salas | 0-0: SINGLE (Groundball, 56D) | Batting: LHB António Camacho | 0-0: Ball 1-0: Swinging Strike 1-1: Swinging Strike 1-2: Strikes out swinging | Top of the 6th over - 0 runs, 2 hits, 0 errors, 1 left on base; Houston 11 - Mexico City 4 | BOTTOM OF THE 6TH |
---|
Mexico City Cerveceros batting - Pitching for Houston Hammertime : RHP António Sánchez | Batting: RHB Henning Huisman | 0-0: Foul Ball, location: 2F 0-1: Ball 1-1: Ball 2-1: Ball 3-1: Swinging Strike 3-2: Fly out, F4 (Popup, 4MD) | Batting: LHB John Nicholson | 0-0: Foul Ball, location: 2F 0-1: Ball 1-1: Ball 2-1: Foul Ball, location: 2F 2-2: Foul Ball, location: 2F 2-2: Foul Ball, location: 2F 2-2: Foul Ball, location: 2F 2-2: Ground out 2-3 (Groundball, 2R) | Batting: RHB Robinson Pacheco | 0-0: Called Strike 0-1: Foul Ball, location: 2F 0-2: Ball 1-2: Foul Ball, location: 2F 1-2: Strikes out swinging | Bottom of the 6th over - 0 runs, 0 hits, 0 errors, 0 left on base; Houston 11 - Mexico City 4 | TOP OF THE 7TH |
---|
Houston Hammertime batting - Pitching for Mexico City Cerveceros : LHP Daniel Draper | Batting: RHB Juan Carlos | 0-0: Called Strike 0-1: SINGLE (Groundball, 6MD) | Batting: RHB José García | 0-0: Called Strike 0-1: Called Strike 0-2: Fielders Choice at 2nd, 6-4 (Groundball, 6) | Batting: LHB David Adams | 0-0: Called Strike José García steals 2nd base 0-1: Ball 1-1: Called Strike 1-2: Fly out, F4 (Line Drive, 34) | Batting: RHB David Hernández | 0-0: SINGLE (Groundball, 56D) José García to third Runner from 3rd tries for Home, SAFE, no throw | Batting: LHB Raúl Casillán | 0-0: Ball 1-0: Foul Ball, location: 2F 1-1: Foul Ball, location: 2F 1-2: Ground out 4-3 (Groundball, 34) | Top of the 7th over - 1 run, 2 hits, 0 errors, 1 left on base; Houston 12 - Mexico City 4 | BOTTOM OF THE 7TH |
---|
Mexico City Cerveceros batting - Pitching for Houston Hammertime : RHP António Sánchez | Batting: LHB Gary Kern | 0-0: SINGLE (Flyball, 3D) | Batting: SHB Richard Bowman | 0-0: Ball 1-0: Ball 2-0: Fly out, F7 (Flyball, 7LMF) | Batting: SHB Scott Compton | 0-0: Called Strike 0-1: Ball 1-1: Foul Ball, location: 2F 1-2: Foul Ball, location: 2F 1-2: Foul Ball, location: 2F 1-2: Foul Ball, location: 2F 1-2: Grounds into double play, 4-6-3 (Groundball, 4) | Bottom of the 7th over - 0 runs, 1 hit, 0 errors, 0 left on base; Houston 12 - Mexico City 4 | TOP OF THE 8TH |
---|
Houston Hammertime batting - Pitching for Mexico City Cerveceros : LHP Daniel Draper | Batting: LHB Jeffrey Satterley | 0-0: Ball 1-0: Fly out, F8 (Flyball, 89D) | Batting: RHB Alfredo Cortéz | 0-0: SINGLE (Groundball, 34D) | Batting: RHB Raúl Salas | 0-0: Called Strike 0-1: Ball Wild Pitch! Alfredo Cortéz to second 1-1: Ball 2-1: Ball 3-1: Base on Balls | Batting: LHB António Camacho | 0-0: Called Strike 0-1: Ball 1-1: Ball 2-1: Ball 3-1: Base on Balls Alfredo Cortéz to third Raúl Salas to second | Batting: RHB Juan Carlos | 0-0: Fly out, F1 (Line Drive, 13) | Pinch Hitting: RHB Santo Cruz | 0-0: Swinging Strike 0-1: Ground out 5-3 (Groundball, 56S) | Top of the 8th over - 0 runs, 1 hit, 0 errors, 3 left on base; Houston 12 - Mexico City 4 | BOTTOM OF THE 8TH |
---|
Mexico City Cerveceros batting - Pitching for Houston Hammertime : RHP António Sánchez | Pitching: RHP Jesse Moser | | Now at 2B: Santo Cruz | | Now in RF: Dan Hooper | | Batting: RHB John Dinkins | 0-0: Swinging Strike 0-1: Fly out, F4 (Line Drive, 4) | Batting: RHB Murai Ishihara | 0-0: Ball 1-0: Swinging Strike 1-1: Ground out 6-3 (Groundball, 56) | Batting: RHB Lee Price | 0-0: Called Strike 0-1: Ground out 5-3 (Groundball, 5S) | Bottom of the 8th over - 0 runs, 0 hits, 0 errors, 0 left on base; Houston 12 - Mexico City 4 | TOP OF THE 9TH |
---|
Houston Hammertime batting - Pitching for Mexico City Cerveceros : LHP Daniel Draper | Pitching: RHP Wayne Walker | | Batting: LHB David Adams | 0-0: Foul Ball, location: 2F 0-1: Ball 1-1: Foul Ball, location: 2F 1-2: Fly out, F2 (Popup, 25F) | Batting: RHB David Hernández | 0-0: Ball 1-0: Foul Ball, location: 2F 1-1: Ball 2-1: Ground out 5-3 (Groundball, 56) | Batting: LHB Raúl Casillán | 0-0: Ball 1-0: Fly out, F9 (Flyball, 9D) | Top of the 9th over - 0 runs, 0 hits, 0 errors, 0 left on base; Houston 12 - Mexico City 4 | BOTTOM OF THE 9TH |
---|
Mexico City Cerveceros batting - Pitching for Houston Hammertime : RHP Jesse Moser | Now at C: Victor Andrews | | Batting: RHB Henning Huisman | 0-0: Called Strike 0-1: Swinging Strike 0-2: Ground out 6-3 (Groundball, 6) | Batting: LHB John Nicholson | 0-0: Ball 1-0: Foul Ball, location: 2F 1-1: Ball 2-1: SINGLE (Groundball, 34D) | Batting: RHB Robinson Pacheco | 0-0: Called Strike 0-1: Called Strike 0-2: Fly out, F7 (Flyball, 78M) | Batting: LHB Gary Kern | 0-0: Foul Ball, location: 2F 0-1: SINGLE (Flyball, 8LS) John Nicholson to second | Batting: SHB Richard Bowman | 0-0: Ball 1-0: Foul Ball, location: 2F 1-1: Foul Ball, location: 2F 1-2: Ball 2-2: Foul Ball, location: 2F 2-2: Strikes out swinging | Bottom of the 9th over - 0 runs, 2 hits, 0 errors, 2 left on base; Houston 12 - Mexico City 4 | |